 Dungeon Crawl Stone Soup version 0.31-a0-1620-gcbf77bbcfc (webtiles) character file.

Game seed: 8736417272969646380

1509 Dittersdorf the Shield-Bearer (level 8, -2/52 HPs)
             Began as a Gargoyle Fighter on Jan 11, 2024.
             Was an Initiate of Gozag.
             Slain by an iguana (6 damage)
             ... on level 6 of the Dungeon.
             The game lasted 00:05:11 (4081 turns).

Dittersdorf the Shield-Bearer (Gargoyle Fighter)    Turns: 4081, Time: 00:05:12

Health: -2/52      AC: 16    Str: 22    XL:     8   Next: 83%
Magic:  8/8        EV:  8    Int:  9    God:    Gozag
Gold:   470        SH:  9    Dex:  9    Spells: 7/7 levels left

rFire   . . .        w - +1 flail (venom)
rCold   . . .        g - +0 kite shield
rNeg    + . .        b - +0 scale mail
rPois   ∞            (no helmet)
rElec   +            (no cloak)
rCorr   +            i - +2 pair of gloves
SInv    .            (no boots)
Will    .....        (no amulet) Stlth
                     t - ring of resist corrosion
HPRegen 0.28/turn    (no ring)
MPRegen 0.11/turn

%: no passive effects
@: gold aura
A: sickness immunity, AC +5, negative energy resistance 1, electricity
resistance, torment resistance 1, petrification resistance
a: Renounce Religion, Potion Petition, Call Merchant, Bribe Branch


You were on level 6 of the Dungeon.
You worshipped Gozag.
Gozag was aware of your devotion.
You visited 1 branch of the dungeon, and saw 6 of its levels.

You collected 561 gold pieces.
You spent 45 gold pieces at shops.
You paid 46 gold pieces to Gozag.

Inventory:

Hand Weapons
 w - a +1 flail of venom (weapon)
Missiles
 l - a throwing net
Armour
 b - a +0 scale mail (worn)
 g - a +0 kite shield (worn)
 i - a +2 pair of gloves (worn)
Jewellery
 j - a ring of ice
 t - a ring of resist corrosion (left hand)
Wands
 r - a wand of flame (39) (quivered)
Scrolls
 c - a scroll of teleportation {unknown}
 h - 2 scrolls of enchant weapon {unknown}
 m - a scroll of silence {unknown}
 n - a scroll of vulnerability {unknown}
 s - a scroll of revelation {unknown}
 v - 2 scrolls of fog {unknown}
Potions
 a - a potion of enlightenment {unknown}
 d - a potion of might
 e - 4 potions of curing {unknown}
 f - 4 potions of attraction {unknown}
 k - a potion of heal wounds
 q - 3 potions of haste
 u - a potion of brilliance


   Skills:
 + Level 6.6 Fighting
 + Level 5.6 Maces & Flails
 + Level 6.7 Armour
 + Level 6.7 Shields


You had 7 spell levels left.
You didn't know any spells.
Your spell library contained the following spells:

 Spells                   Type           Power      Damage    Failure   Level
 Gell's Gravitas          Tloc           0%         N/A       99%         3
 Teleport Other           Tloc           0%         N/A       99%         3
 Dispersal                Tloc           0%         N/A       100%        6


Dungeon Overview and Level Annotations

Branches:
Dungeon (6/15)             Temple (0/1) D:5

Altars:
Gozag
Makhleb
Vehumet
Zin

Shops:
D:1 [[

Annotations:
D:6 Prince Ribbit


Innate Abilities, Weirdness & Mutations

You are immune to sickness and miasma.
Your stone body is resilient. (AC +5)
You are immune to poison.
You resist negative energy. (rN+)
You are resistant to electric shocks. (rElec)
You are resistant to unholy torment.
You are immune to petrification.


Message History

You kill the hound!
You block Prince Ribbit's attack. You block the iguana's attack.
You closely miss Prince Ribbit. Prince Ribbit hits you! The iguana bites you.
Prince Ribbit barely misses you.
You sock Prince Ribbit!
Prince Ribbit is poisoned.
Prince Ribbit is moderately wounded.
Prince Ribbit hits you! You block the orc's attack.
You block the iguana's attack. Prince Ribbit barely misses you.
You block the iguana's attack. The orc hits you with a +0 falchion.
You are too injured to fight recklessly!
You are too injured to fight recklessly!
You are too injured to fight recklessly!
You are too injured to fight recklessly!
You are too injured to fight recklessly!
You are too injured to fight recklessly!
You are too injured to fight recklessly!
You are too injured to fight recklessly!
You are too injured to fight recklessly!
You are too injured to fight recklessly!
You are too injured to fight recklessly!
You are too injured to fight recklessly!
You are too injured to fight recklessly!
You are too injured to fight recklessly!
You are too injured to fight recklessly!
You are too injured to fight recklessly!
You are too injured to fight recklessly!
You are too injured to fight recklessly!
You are too injured to fight recklessly!
You are too injured to fight recklessly!
Prince Ribbit hits you!
* * * LOW HITPOINT WARNING * * *
The orc hits you with a +0 falchion.
* * * LOW HITPOINT WARNING * * *
The iguana attacks as it pursues you! The iguana barely misses you.
Prince Ribbit blinks!
The orc attacks as it pursues you! The orc barely misses you.
The iguana bites you but does no damage.
The iguana attacks as it pursues you! The iguana bites you.
You die...
Your body crumbles into a pile of gold.

# ######### # #...#.#@#
#...# ....#l## ### #.#.#
#.$#o#######.# #.#.#
##..##.......# #.#.# #.
##..#.>####.## #.#.# #.#
##.#........###.#.# #..#
##..#..#..#......#.# #..#
##..##..............#
#..###..#.##.##........#..


You could see an iguana.

Vanquished Creatures
  Grinder (D:6)
  An ice beast (D:5)
  2 black bears
  2 ogres (D:5)
  2 centaurs (D:5)
  A kobold brigand (D:6)
  A scorpion (D:6)
  2 hounds
  2 jellies
  An orc priest (D:3)
  A gnoll bouda (D:5)
  3 iguanas (D:5)
  2 orc wizards
  10 adders
  6 gnolls
  A shadow imp (D:5)
  A white imp (D:5)
  3 ribbon worms (D:2)
  2 dart slugs
  17 orcs
  7 ball pythons
  4 endoplasms
  6 giant cockroaches
  6 goblins
  5 hobgoblins
  12 jackals
  11 kobolds
  3 quokkas
  6 bats
  3 frilled lizards (D:1)
  8 rats
132 creatures vanquished.

Notes
Turn   | Place    | Note
-------+----------+-------------------------------------------
     0 | D:1      | Dittersdorf the Gargoyle Fighter began the quest for the
                  | Orb.
     0 | D:1      | Reached XP level 1. HP: 14/14 MP: 1/1
   104 | D:1      | Reached XP level 2. HP: 19/19 MP: 2/2
   207 | D:1      | Found Ybiot's Antique Armour Emporium.
   228 | D:1      | Found Zeipp's Armour Shoppe.
   246 | D:1      | Bought a +0 kite shield for 45 gold pieces
   427 | D:1      | Found a faded altar of an unknown god.
   600 | D:1      | Reached XP level 3. HP: 23/23 MP: 3/3
   969 | D:2      | Reached XP level 4. HP: 19/29 MP: 4/4
  1134 | D:2      | Identified the +5 quarterstaff "Tuusegh" {vamp, rF+ rN+
                  | Str+3 Dex-5}
  1511 | D:2      | Reached XP level 5. HP: 31/33 MP: 5/5
  2076 | D:3      | Found a glowing silver altar of Zin.
  2227 | D:3      | Reached XP level 6. HP: 18/39 MP: 6/6
  2561 | D:4      | Noticed a black bear
  2578 | D:4      | Killed a black bear
  2722 | D:4      | Found an opulent altar of Gozag.
  2741 | D:4      | Became a worshipper of Gozag Ym Sagoz the Greedy
  2938 | D:4      | Found a burning altar of Makhleb.
  2986 | D:5      | Entered Level 5 of the Dungeon
  3026 | D:5      | Reached skill level 5 in Shields
  3099 | D:5      | Reached skill level 5 in Fighting
  3099 | D:5      | Reached skill level 5 in Armour
  3102 | D:5      | Reached XP level 7. HP: 42/44 MP: 7/7
  3451 | D:5      | Found a staircase to the Ecumenical Temple.
  3492 | D:5      | Reached XP level 8. HP: 51/51 MP: 8/8
  3751 | D:5      | Reached skill level 5 in Maces & Flails
  3906 | D:6      | Found a radiant altar of Vehumet.
  3916 | D:6      | Noticed Grinder
  3916 | D:6      | Paralysed by Grinder for 4 turns
  3953 | D:6      | Killed Grinder
  4067 | D:6      | Noticed Prince Ribbit
  4081 | D:6      | Slain by an iguana

Illustrated notes

Levels and vault maps discovered:
D:1:      minmay_arrival_radiant_lines, layout_basic, serial_shops, shop,
          nicolae_square_shop, shapermc_ecumenical_altar_flowoftime
D:2:      layout_loops_cross, minmay_misc_feat_hallway, minmay_box_of_dots
D:3:      layout_rooms, mainiacjoe_overflow_brackets, hangedman_decor_push,
          hangedman_decor_lopped, grunt_ministairs_12, kennysheep_generic_room_7
D:4:      layout_rooms, mainiacjoe_overflow_boulevard, lemuel_tele_altar,
          hangedman_decor_growths
D:5:      layout_cave_pools, minmay_temple_entry_junction,
          kennysheep_small_square
D:6:      minmay_diamond_boxcup, layout_basic,
          mainiacjoe_overflow_concentric_impassable, vehumet_crystals,
          uniq_prince_ribbit1, uniq_grinder

Skill      XL: |  1  2  3  4  5  6  7  8 |
---------------+-------------------------+-----
Shields        | 4 5 6 |  6.7
Armour         | 4 5 6 |  6.7
Fighting       | 4 5 6 |  6.6
Maces & Flails | 3 4 5 |  5.6

Action                     |  1- 3 |  4- 6 |  7- 9 || total
---------------------------+-------+-------+-------++-------
  Melee: Flail             |   112 |   263 |   132 ||   507
    Use: Scroll            |       |     3 |     1 ||     4
 Armour: Scale mail        |    71 |   225 |   141 ||   437
  Dodge: Dodged            |    47 |   123 |    67 ||   237
  Block: Buckler           |    13 |       |       ||    13
         Kite shield       |    20 |   154 |    78 ||   252

Table legend: (Time is in decaauts)
 A = Elapsed time spent in this place.
 B = Non-inter-level travel time spent in this place.
 C = Inter-level travel time spent in this place.
 D = Time resting spent in this place.
 E = Time spent auto-exploring this place.
 F = Levels seen in this place.
 G = Mean time per level.
                   A        B        C        D        E       F      G
               +--------+--------+--------+--------+--------+-----+--------+
         Total |   4255 |   3971 |    284 |    223 |   2651 |   6 |  709.2 |
       Dungeon |   4255 |   3971 |    284 |    223 |   2651 |   6 |  709.2 |
               +--------+--------+--------+--------+--------+-----+--------+

Top non-repeatable levels by time:
     D:1: 921 daAuts
     D:5: 867 daAuts
     D:2: 858 daAuts
     D:3: 754 daAuts
     D:4: 582 daAuts
     D:6: 269 daAuts
